 Seeded DCSS version 0.31-a0-496-g6f97920a28 (webtiles) character file.

Game seed: 18446744073709551615 (custom seed)

247 Mickster the Chopper (level 6, 0/53 HPs)
             Began as a Hill Orc Berserker on Aug 8, 2023.
             Was a Believer of Trog.
             Slain by Sigmund
             ... wielding a +0 scythe
              (6 damage)
             ... on level 4 of the Dungeon.
             The game lasted 00:23:47 (2246 turns).

Mickster the Chopper (Hill Orc Berserker)           Turns: 2246, Time: 00:23:48

Health: 0/53       AC:  6    Str: 22    XL:     6   Next: 11%
Magic:  6/6        EV: 11    Int:  7    God:    Trog [**....]
Gold:   188        SH:  0    Dex: 10    Spells: 5/5 levels left

rFire   . . .        o - +1 hand axe (heavy)
rCold   + . .        (no shield)
rNeg    + . .        b - +1 ring mail {rPois}
rPois   +            (no helmet)
rElec   .            (no cloak)
rCorr   .            (no gloves)
SInv    .            (no boots)
Will    .....        (no amulet)
Stlth   +            f - ring of protection from cold
HPRegen 0.28/turn    r - ring of positive energy
MPRegen 0.10/turn

%: no passive effects
@: on berserk cooldown, slowed, very slow
A: no striking features
a: Renounce Religion, Berserk, Trog's Hand


You were on level 4 of the Dungeon.
You worshipped Trog.
Trog was pleased with you.
You visited 1 branch of the dungeon, and saw 4 of its levels.

You collected 188 gold pieces.

Inventory:

Hand Weapons
 a - a +0 hand axe of freezing
 j - a +2 heavy flail
 o - a +1 heavy hand axe (weapon)
 q - a +0 rapier
Missiles
 e - 4 boomerangs (quivered)
Armour
 b - a +1 ring mail of poison resistance (worn)
 d - a +0 scale mail
Jewellery
 f - a ring of protection from cold (left hand)
 l - a ring of protection from cold
 r - a ring of positive energy (right hand)
Wands
 g - a wand of roots (15)
 h - a wand of quicksilver (5)
Scrolls
 i - a scroll of poison
 m - a scroll of fog
 s - a scroll of fear {unknown}
Potions
 c - a potion of berserk rage
 k - 2 potions of heal wounds {unknown}
 n - a potion of resistance {unknown}
 p - 2 potions of curing {unknown}


   Skills:
 + Level 4.5 Fighting
 * Level 7.1 Axes
 - Level 0.1(3.6) Maces & Flails
 + Level 3.1 Armour
 + Level 2.2 Dodging
 + Level 0.4 Stealth


You had 5 spell levels left.
You didn't know any spells.
Your spell library was empty.

Dungeon Overview and Level Annotations

Branches:
Dungeon (4/15)
 Temple: D:4-7

Altars:
Nemelex Xobeh

Portals:
Ossuary: D:4

Annotations:
D:4 Sigmund


Message History

A magic dart appears from out of thin air!
The magic dart hits you.
You feel the effects of Trog's Hand fading.
You completely miss something. Something hits you but does no damage.
You miss something. Something hits you.
You closely miss something.
You hear the quick hiss of a very distant avalanche of sand.
You closely miss something. Something hits you!
You completely miss something.
You are no longer berserk.
You are exhausted.
You feel yourself slow down.
Your skin stops crawling.
You feel less strong-willed.
You closely miss something. Something hits you.
You hear some strange, mumbled words.
A magic dart appears from out of thin air!
The magic dart hits you.
You closely miss something. Something hits you.
You hear some strange, mumbled words.
A puff of flame appears from out of thin air!
The puff of flame hits you!
You barely miss something. Something hits you but does no damage.
You miss something.
You hear some strange, mumbled words.
You are confused.
You hear some strange, mumbled words.
Something tries to affect you, but you resist.
You hear some strange, mumbled words.
A puff of flame appears from out of thin air!
The puff of flame hits you! Something hits you!
* * * LOW HITPOINT WARNING * * *
You closely miss something.
You hear a distant slurping noise.
Something hits you!
* * * LOW HITPOINT WARNING * * *
Something hits you but does no damage.
You slash something!
You feel less confused. Something hits you.
You die...

# #.# # #.# .# # ######.# .# #
#......# .# # #......# .###### #
#......# ....... # #......#
#####....... # #......#
#........... # ######.##
#..{@....# # #>.###........# #
#..##........?# #....... #
#.............# #....... #
#.##..######### #.#.#..# #
#.##..# #.#.#..### ########.##..#
#.#.#..... .............##
#.#.#.....
#######.......##########.#.#.....


There were no monsters in sight!

Vanquished Creatures
  A scorpion (D:4)
  An iguana (D:4)
  6 gnolls (D:2)
  2 adders
  An ufetubus (D:4)
  A worm zombie (D:4)
  2 worms
  2 dart slugs (D:2)
  6 orcs
  3 ball pythons
  6 bats
  5 endoplasms
  3 giant cockroaches
  A goblin (D:1)
  4 hobgoblins
  5 jackals
  2 quokkas
  4 frilled lizards
  6 kobolds
  3 rats
64 creatures vanquished.

Notes
Turn   | Place    | Note
-------+----------+-------------------------------------------
     0 | D:1      | Mickster the Hill Orc Berserker began the quest for the
                  | Orb.
     0 | D:1      | Reached XP level 1. HP: 19/19 MP: 1/1
   296 | D:1      | Reached XP level 2. HP: 27/27 MP: 2/2
   684 | D:1      | Found a faded altar of an unknown god.
   911 | D:2      | Reached XP level 3. HP: 33/33 MP: 3/3
   912 | D:2      | Reached skill level 5 in Axes
   978 | D:2      | Reached XP level 4. HP: 39/40 MP: 4/4
  1143 | D:2      | Reached skill level 6 in Axes
  1380 | D:3      | Reached XP level 5. HP: 46/46 MP: 5/5
  1523 | D:3      | Reached ** piety under Trog
  1737 | D:3      | Found a sparkling altar of Nemelex Xobeh.
  1957 | D:4      | Found a sand-covered staircase.
  2192 | D:4      | Reached skill level 7 in Axes
  2192 | D:4      | Reached XP level 6. HP: 41/53 MP: 6/6
  2225 | D:4      | Noticed Sigmund
  2246 | D:4      | Slain by Sigmund

Illustrated notes

Levels and vault maps discovered:
D:1:      dpeg_arrival_brainrot, layout_basic, hellmonk_ecumenical_altar_blasted
D:2:      layout_basic
D:3:      layout_rooms, nemelex_spade_bored_becter, hangedman_decor_growths
D:4:      layout_basic, enter_ossuary_3, uniq_sigmund

Skill      XL: |  1  2  3  4  5 |
---------------+----------------+-----
Fighting       | 4 |  4.5
Axes           | 5 6 7 |  7.1
Dodging        | 2 |  2.2
Armour         | 3 |  3.1
Maces & Flails | |  0.1
Stealth        | |  0.4

Action                     |  1- 3 |  4- 6 || total
---------------------------+-------+-------++-------
  Melee: Hand axe          |    74 |   102 ||   176
         Flail             |       |    29 ||    29
         Punch             |       |     2 ||     2
 Invoke: Berserk           |     2 |     4 ||     6
         Trog's Hand       |       |     1 ||     1
    Use: Scroll            |     3 |     2 ||     5
 Armour: Scale mail        |    17 |       ||    17
         Animal skin       |     1 |       ||     1
         Ring mail         |     9 |    76 ||    85
  Dodge: Dodged            |    48 |    90 ||   138

Table legend: (Time is in decaauts)
 A = Elapsed time spent in this place.
 B = Non-inter-level travel time spent in this place.
 C = Inter-level travel time spent in this place.
 D = Time resting spent in this place.
 E = Time spent auto-exploring this place.
 F = Levels seen in this place.
 G = Mean time per level.
                   A        B        C        D        E       F      G
               +--------+--------+--------+--------+--------+-----+--------+
         Total |   2336 |   1957 |    379 |     16 |      0 |   4 |  584.0 |
       Dungeon |   2336 |   1957 |    379 |     16 |      0 |   4 |  584.0 |
               +--------+--------+--------+--------+--------+-----+--------+

Top non-repeatable levels by time:
     D:1: 813 daAuts
     D:3: 534 daAuts
     D:2: 517 daAuts
     D:4: 470 daAuts
